 Dungeon Crawl Stone Soup version 0.29-a0-666-g26d293caef (webtiles) character file.

Game seed: 16939350224367811599

107 rastignan the Poker (level 4, 0/35 HPs)
             Began as a Merfolk Berserker on June 23, 2022.
             Was a Believer of Trog.
             Killed from afar by an orc wizard (9 damage)
             ... with a magic dart
             ... on level 3 of the Dungeon.
             The game lasted 00:06:36 (2354 turns).

rastignan the Poker (Merfolk Berserker)             Turns: 2354, Time: 00:06:38

Health: 0/35       AC:  2    Str: 17 (19) XL:     4   Next: 86%
Magic:  4/4        EV: 12    Int:  5 (6)  God:    Trog [**....]
Gold:   55         SH:  0    Dex: 12 (13) Spells: 3/3 levels left

rFire   . . .      SeeInvis .   a - +0 spear
rCold   . . .      Faith    .   (no shield)
rNeg    . . .      Spirit   .   b - +0 animal skin
rPois   .          Reflect  .   (no helmet)
rElec   .          Harm     .   (no cloak)
rCorr   .          Rampage  .   (no gloves)
Will    .....                   (no boots)
Stlth   +.........              (no amulet)
HPRegen 0.11/turn               (no ring)
MPRegen 0.09/turn               (no ring)

@: confused
A: (nimble swimmer 2), mertail
a: Renounce Religion, Berserk, Trog's Hand


You were on level 3 of the Dungeon.
You worshipped Trog.
Trog was pleased with you.
You visited 1 branch of the dungeon, and saw 3 of its levels.

You collected 55 gold pieces.

Inventory:

Hand Weapons
 a - a +0 spear (weapon)
Missiles
 n - 2 throwing nets (quivered)
Armour
 b - a +0 animal skin (worn)
Scrolls
 f - 2 scrolls of enchant armour {unknown}
 g - a scroll of amnesia {unknown}
 h - 2 scrolls of identify {unknown}
 j - a scroll of blinking {unknown}
 k - a scroll of vulnerability {unknown}
Potions
 d - a potion of curing {unknown}
 e - a potion of heal wounds {unknown}
 i - a potion of cancellation {unknown}
 l - a potion of resistance {unknown}
 m - a potion of magic {unknown}


   Skills:
 - Level 3.2 Fighting
 + Level 7.2 Polearms
 - Level 1.3 Armour
 - Level 2.6 Dodging


You had 3 spell levels left.
You didn't know any spells.
Your spell library was empty.

Dungeon Overview and Level Annotations

Branches:
Dungeon (3/15)

Altars:


Innate Abilities, Weirdness & Mutations

((You are very nimble when in or above water. (Stealth+, EV+, Speed+++)))
Your lower body shifts to a powerful aquatic tail in water.


Message History

The orc shouts!
An orc comes into view. It is wielding a +0 trident.
You hear some strange, mumbled words.
Something tries to affect you, but you resist.
A ball python comes into view.
An orc comes into view. It is wielding a +0 dagger.
You barely miss something.
The ball python hisses angrily.
The orc shouts!
You hear some strange, mumbled words.
You are confused.
You hear some strange, mumbled words.
Something tries to affect you, but you resist.
You hear some strange, mumbled words.
You are more confused.
You bump into the rock wall.
Something barely misses you.
The ball python attacks as you move away!
The ball python bites you. The orc closely misses you. Something hits you.
The ball python bites you. The ball python closely misses you.
You're too confused to move!
Something hits you. The orc completely misses you.
The orc hits you from afar with a +0 trident.
The ball python barely misses you. x2
You puncture the ball python!
You kill the ball python!
Trog accepts your kill. The orc misses you. Something hits you.
The orc hits you with a +0 flail. The orc hits you with a +0 dagger.
* * * LOW HITPOINT WARNING * * *
The orc attacks as you move away! The orc barely misses you.
Something hits you but does no damage. The orc closely misses you.
Something hits you.
* * * LOW HITPOINT WARNING * * *
It was a potion of degeneration.
There was something very wrong with that liquid.
You feel weakened.
You feel dopey.
You feel clumsy. The orc barely misses you.
You hear some strange, mumbled words.
A magic dart appears from out of thin air!
The magic dart hits you!
You die...

...#.......##....####.....
.#.#.......##...<##.......#
.#.#...........####.......#
.#.#.......###.####.......
.#.....#.#####.......#..#
.......#†....#..†....#..#
.......#.....#..o.......#
....####.....#..{....#..#..
....####.....#..@oo........
......##.....##.†....#.#...
......##.....###.##....#
......##...............#
......##........###......
......##........# #.......
......##........# ....!....
......######....# .........
......#.........# ... .


You could see 3 orcs.

Vanquished Creatures
  A gnoll (D:1)
  6 adders (D:3)
  A dart slug (D:3)
  A bat (D:1)
  5 endoplasms
  4 giant cockroaches
  A hobgoblin (D:2)
  A quokka (D:3)
  6 ball pythons
  5 frilled lizards
  6 goblins
  3 kobolds
  5 rats (D:1)
45 creatures vanquished.

Notes
Turn   | Place    | Note
-------+----------+-------------------------------------------
     0 | D:1      | rastignan the Merfolk Berserker began the quest for the
                  | Orb.
     0 | D:1      | Reached XP level 1. HP: 18/18 MP: 1/1
   207 | D:1      | Reached skill level 5 in Polearms
   207 | D:1      | Reached XP level 2. HP: 9/24 MP: 2/2
   634 | D:1      | Reached XP level 3. HP: 28/29 MP: 3/3
  1839 | D:3      | Reached skill level 6 in Polearms
  1840 | D:3      | Reached ** piety under Trog
  1844 | D:3      | Reached XP level 4. HP: 35/35 MP: 4/4
  2130 | D:3      | Reached skill level 7 in Polearms
  2354 | D:3      | Killed from afar by an orc wizard

Illustrated notes

Levels and vault maps discovered:
D:1:      roderic_chinese_lattice_arrival, layout_loops_ring
D:2:      layout_basic, kennysheep_boxes
D:3:      layout_basic, tgw_fedhas, minmay_surrounded

Skill      XL: |  1  2  3  4 |
---------------+-------------+-----
Polearms       | 5 6 7 |  7.2
Fighting       | |  3.2
Armour         | |  1.3
Dodging        | |  2.6

Action                   |  1- 3 |  4- 6 || total
-------------------------+-------+-------++-------
Melee: Spear             |   102 |    43 ||   145
       Tailslap          |     1 |       ||     1
       Punch             |       |     2 ||     2
Invok: Berserk           |     2 |       ||     2
  Use: Potion            |       |     1 ||     1
 Stab: Sleeping          |     5 |     1 ||     6
Armor: Animal skin       |     4 |     4 ||     8
Dodge: Dodged            |    43 |    22 ||    65

Table legend: (Time is in decaauts)
 A = Elapsed time spent in this place.
 B = Non-inter-level travel time spent in this place.
 C = Inter-level travel time spent in this place.
 D = Time resting spent in this place.
 E = Time spent auto-exploring this place.
 F = Levels seen in this place.
 G = Mean time per level.
                   A        B        C        D        E       F      G
               +--------+--------+--------+--------+--------+-----+--------+
         Total |   2294 |   2239 |     55 |     14 |   1924 |   3 |  764.7 |
       Dungeon |   2294 |   2239 |     55 |     14 |   1924 |   3 |  764.7 |
               +--------+--------+--------+--------+--------+-----+--------+

Top non-repeatable levels by time:
     D:1: 974 daAuts
     D:2: 796 daAuts
     D:3: 523 daAuts
